 Dungeon Crawl Stone Soup version 0.18.1-48-g4cf74bf (webtiles) character file.

1513 lxmarduk the Skirmisher (level 8, 0/78 HPs)
             Began as a Deep Dwarf Fighter on June 25, 2016.
             Was an Initiate of Makhleb.
             Slain by an iguana (6 damage)
             ... on level 5 of the Dungeon.
             The game lasted 00:42:58 (4291 turns).

lxmarduk the Skirmisher (Deep Dwarf Fighter)        Turns: 4291, Time: 00:42:58

Health: 0/78       AC: 10    Str: 22    XL:     8   Next: 53%
Magic:  5/5        EV:  8    Int:  9    God:    Makhleb [......]
Gold:   84         SH: 10    Dex: 12    Spells: 0 memorised, 7 levels left

rFire  x . .     SeeInvis .     a - +0 war axe
rCold  + . .     Gourm    .     m - +0 scale mail
rNeg   . . .     Faith    .     c - +0 shield
rPois  .         Spirit   .     i - +0 helmet
rElec  .         Dismiss  .     (no cloak)
rCorr  .         Reflect  .     (no gloves)
SustAt .         Harm     .     r - +0 pair of boots
MR     +....                    (no amulet)
Stlth  ..........               (no ring)
                                o - ring of ice

@: non-regenerating, somewhat resistant to hostile enchantments, extremely
unstealthy
A: damage resistance, recharge devices, sense surroundings 1, slow regeneration
3
a: Device Recharging, Renounce Religion


You were on level 5 of the Dungeon.
You worshipped Makhleb.
Makhleb was noncommittal.
You were not hungry.

You visited 2 branches of the dungeon, and saw 7 of its levels.

You collected 188 gold pieces.
You spent 104 gold pieces at shops.

Inventory:

Hand Weapons
 a - a +0 war axe (weapon)
 n - a +0 vampiric spear
Armour
 c - a +0 shield (worn)
 i - a +0 helmet (worn)
 m - a +0 scale mail (worn)
 r - a +0 pair of boots (worn)
Jewellery
 o - a ring of ice (left hand)
Wands
 e - a wand of heal wounds (0/9)
Scrolls
 k - a scroll of magic mapping {unknown}
 l - a scroll of fear {unknown}
 s - a scroll of identify
 t - 2 scrolls of remove curse
Potions
 d - a potion of might
 g - a potion of brilliance
 p - 2 potions of cure mutation
 u - a potion of curing
Comestibles
 b - a beef jerky
 f - 3 bread rations
 h - a royal jelly
 j - 2 meat rations
 q - 4 chunks of flesh


   Skills:
 * Level 6.8 Fighting
 + Level 5.4 Axes
 + Level 6.2 Armour
 - Level 0.4 Dodging
 + Level 6.0 Shields


You had 7 spell levels left.
You didn't know any spells.

Dungeon Overview and Level Annotations

Branches:
Dungeon (6/15)             Temple (1/1) D:4

Altars:
Ashenzari
Elyvilon
Gozag
Kikubaaqudgha
Makhleb
Nemelex Xobeh
Pakellas
Qazlal
Ru
Trog
Yredelemnul
Zin
The Shining One

Shops:
D:5 !


Innate Abilities, Weirdness & Mutations

You are resistant to damage.
You can recharge devices by infusing magical energy.
You passively map a small area around you.
You do not regenerate naturally.


Message History

The iguana is severely wounded.
You block the iguana's attack.
You hit the iguana.
The iguana is severely wounded.
The iguana bites you!
* * * LOW HITPOINT WARNING * * *
You hit the iguana.
The iguana is almost dead.
The iguana bites you.
The iguana bites you but does no damage.
You hit the iguana but do no damage.
The iguana is almost dead.
You block the iguana's attack.
You closely miss the iguana.
The iguana is almost dead.
The iguana barely misses you.
You closely miss the iguana.
The iguana is almost dead.
The iguana bites you!
You die...

#.# * #.###.##.........#
#.# ,#...#.##.........#
#.#########.##.........#
#...........##.####.####
## #.#########.##.####.#
.. ,#.# ,, #.#.....#.# .#*
#.#, #.#.###.#># .#, #.# *
*, ,#l#...#.#.#
.#####.###.#.###@#####.#.#
...........#...........#.#
.#########)#.###########.#
.# , * #######.# .# *
#....##.####### .# , , *
#...).........# .###.# * ,
* #.............# .....# ,
#.............# ####.# **
#....##.#######


You could see an iguana.

Vanquished Creatures
  Menkaure (D:4)
  A necrophage (D:5)
  2 ogres
  A gnoll sergeant (D:3)
  2 scorpions
  A howler monkey (D:5)
  A giant frog skeleton (D:5)
  2 orc priests (D:3)
  A centaur skeleton (D:3)
  5 gnoll shamans (D:3)
  An orc wizard (D:5)
  Natasha (thrice) (D:2)
  A hound skeleton (D:5)
  Robin (D:2)
  5 adders
  36 gnolls (D:3)
  2 oozes
  An adder skeleton (D:4)
  6 worms
  4 dart slugs
  3 giant geckos
  8 orcs
  3 ball pythons
  7 bats
  5 giant cockroaches
  15 goblins
  6 hobgoblins
  19 jackals
  7 kobolds
  3 quokkas
  4 giant newts
  A jackal skeleton (D:4)
  14 rats
  2 plants
174 creatures vanquished.

Notes
Turn   | Place    | Note
--------------------------------------------------------------
     0 | D:1      | lxmarduk the Deep Dwarf Fighter began the quest for the Orb.
     0 | D:1      | Reached XP level 1. HP: 20/20 MP: 1/1
    41 | D:2      | Noticed Natasha
    57 | D:1      | Reached XP level 2. HP: 24/27 MP: 2/2
   596 | D:1      | Reached XP level 3. HP: 28/33 MP: 3/3
   650 | D:2      | Noticed Robin
   697 | D:2      | Killed Robin
   804 | D:2      | Killed Natasha
   804 | D:2      | Reached XP level 4. HP: 15/42 MP: 4/4
   885 | D:2      | Noticed Natasha
   895 | D:2      | Killed Natasha
   918 | D:2      | Reached XP level 5. HP: 27/50 MP: 5/5
   946 | D:2      | Noticed Natasha
   953 | D:2      | Killed Natasha
  1729 | D:3      | Reached XP level 6. HP: 44/58 MP: 6/6
  2065 | D:3      | Reached skill level 5 in Armour
  2075 | D:3      | Reached skill level 5 in Shields
  2075 | D:3      | Reached XP level 7. HP: 43/66 MP: 6/6
  2082 | D:3      | Reached skill level 5 in Fighting
  2876 | D:4      | Reached XP level 8. HP: 38/76 MP: 6/6
  2950 | D:5      | Entered Level 5 of the Dungeon
  2986 | D:4      | Found a sacrificial altar of Ru.
  3203 | D:4      | Noticed Menkaure
  3216 | D:4      | Killed Menkaure
  3216 | D:4      | Reached skill level 5 in Axes
  3310 | D:4      | Found a staircase to the Ecumenical Temple.
  3318 | Temple   | Entered the Ecumenical Temple
  3469 | Temple   | Became a worshipper of Makhleb the Destroyer
  3872 | D:5      | Found Jofeucw's Distillery.
  3907 | D:5      | Bought a potion of curing for 39 gold pieces
  3907 | D:5      | Bought a potion of heal wounds for 65 gold pieces
  4291 | D:5      | Slain by an iguana

Skill      XL: |  1  2  3  4  5  6  7  8 |
---------------+-------------------------+-----
Fighting       | 3 4 6 |  6.8
Armour         | 4 5 6 |  6.2
Shields        | 4 5 6 |  6.0
Axes           | 3 4 5 |  5.4
Dodging        | |  0.4

Action                   |  1- 3 |  4- 6 |  7- 9 || total
-------------------------+-------+-------+-------++-------
Melee: War axe           |   122 |   242 |   254 ||   618
 Abil: Device Recharging |       |     1 |     2 ||     3
Evoke: Wand              |     2 |     5 |     9 ||    16
  Use: Scroll            |     1 |     2 |     3 ||     6
       Potion            |       |     7 |     1 ||     8
  Eat: Chunk             |       |     3 |     8 ||    11
       Beef jerky        |       |     1 |       ||     1
Armor: Scale mail        |    56 |   114 |    86 ||   256
       Plate armour      |    34 |       |       ||    34
Dodge: Dodged            |    43 |    72 |    82 ||   197
Block: Shield            |    93 |   132 |   163 ||   388
